2282 views
Uploaded 2024-06-06 02:14:23
Game version 1.36 (6115)
16:56 long 4on4 ladder game on (8)MarketSquare
Saved by YIKIII
2282 views
Uploaded 2024-06-06 02:14:23
Game version 1.36 (6115)
16:56 long 4on4 ladder game on (8)MarketSquare

118 units @ 16.2k
/ 2.4k
80 buildings @ 10.1k
/ 4.2k


| Scroll of Regeneration | 2 | 200 |
| Lesser Clarity Potion | 1 | 70 |
| Scroll of Healing | 2 | 500 |
| Potion of Lesser Invulnerability | 1 | 150 |
| total: | 6 | 920g |
| Peasant | 8 | 600 | / | 0 |
| Rifleman | 4 | 820 | / | 120 |
| Mortar Team | 6 | 1080 | / | 420 |
| Flying Machine | 3 | 300 | / | 90 |
| total: | 21 | 2800g | / | 630w |
| Altar of Kings | 1 | 180 | / | 50 |
| Barracks | 2 | 320 | / | 120 |
| Blacksmith | 1 | 140 | / | 60 |
| Farm | 9 | 720 | / | 180 |
| Arcane Vault | 1 | 130 | / | 30 |
| Lumber Mill | 1 | 120 | / | 0 |
| Workshop | 2 | 280 | / | 280 |
| Keep | 1 | 320 | / | 210 |
| Castle | 1 | 360 | / | 210 |
| total: | 17 | 1890g | / | 720w |
| 0:08 | Peasant |
| 0:08 | Peasant |
| 0:25 | Peasant |
| 0:54 | Peasant |
| 0:55 | Peasant |
| 1:18 | Altar of Kings |
| 1:21 | Barracks |
| 1:25 | Barracks |
| 1:31 | Blacksmith |
| 1:32 | Peasant |
| 1:32 | Peasant |
| 1:50 | Farm |
| 1:52 | Peasant |
| 2:33 | Farm |
| 2:43 | Farm |
| 2:48 | Farm |
| 3:13 | Rifleman |
| 3:16 | Farm |
| 3:27 | Holy Light |
| 3:35 | Rifleman |
| 3:56 | Arcane Vault |
| 4:33 | Rifleman |
| 4:56 | Keep |
| 5:12 | Devotion Aura |
| 6:07 | Black Gunpowder |
| 6:07 | Studded Leather Armor |
| 7:43 | Scroll of Regeneration |
| 7:46 | Lesser Clarity Potion |
| 7:56 | Scroll of Regeneration |
| 8:25 | Workshop |
| 8:49 | Workshop |
| 9:24 | Storm Bolt |
| 9:30 | Mortar Team |
| 9:30 | Mortar Team |
| 9:44 | Mortar Team |
| 9:44 | Flare |
| 9:48 | Holy Light |
| 9:52 | Rifleman |
| 9:52 | Long Rifles |
| 10:25 | Flak Cannons |
| 10:25 | Flying Machine |
| 10:26 | Flying Machine |
| 10:30 | Farm |
| 10:34 | Farm |
| 11:10 | Bash |
| 11:29 | Mortar Team |
| 11:30 | Flying Machine |
| 11:37 | Lumber Mill |
| 11:39 | Farm |
| 11:41 | Farm |
| 12:40 | Scroll of Healing |
| 12:41 | Scroll of Healing |
| 12:42 | Potion of Lesser Invulnerability |
| 12:54 | Mortar Team |
| 13:09 | Refined Gunpowder |
| 13:50 | Reinforced Leather Armor |
| 13:59 | Storm Bolt |
| 14:06 | Mortar Team |
| 14:40 | Castle |
| 15:04 | Devotion Aura |
| Right click | 629 |
| Chat | 232 |
| Select | 130 |
| Select group | 70 |
| Build/train/purchase | 55 |
| Assign group | 23 |
| Use ability | 16 |
| Misc. action | 7 |
| Minimap ping | 2 |

| Wisp | 20 | 1200 | / | 0 |
| Archer | 8 | 1040 | / | 80 |
| Hippogryph | 5 | 800 | / | 100 |
| Faerie Dragon | 1 | 155 | / | 25 |
| Druid of the Talon | 1 | 145 | / | 20 |
| Chimaera | 6 | 1980 | / | 420 |
| total: | 41 | 5320g | / | 645w |
| Altar of Elders | 2 | 360 | / | 100 |
| Moon Well | 8 | 1440 | / | 320 |
| Ancient of War | 1 | 150 | / | 60 |
| Ancient of Wonders | 1 | 90 | / | 30 |
| Hunter's Hall | 1 | 210 | / | 100 |
| Tree of Life | 1 | 340 | / | 185 |
| Ancient of Wind | 2 | 300 | / | 280 |
| Chimaera Roost | 3 | 420 | / | 570 |
| Tree of Ages | 1 | 320 | / | 180 |
| Tree of Eternity | 1 | 330 | / | 200 |
| total: | 19 | 3310g | / | 1645w |
| 0:02 | Wisp |
| 0:08 | Altar of Elders |
| 0:21 | Altar of Elders |
| 0:23 | Wisp |
| 0:27 | Moon Well |
| 0:31 | Wisp |
| 0:44 | Wisp |
| 0:53 | Wisp |
| 1:06 | Ancient of War |
| 1:09 | Wisp |
| 1:30 | Wisp |
| 1:36 | Moon Well |
| 1:55 | Wisp |
| 2:01 | Ancient of Wonders |
| 2:10 | Archer |
| 2:15 | Archer |
| 2:23 | Scout |
| 2:33 | Wisp |
| 2:36 | Wisp |
| 2:38 | Archer |
| 3:05 | Tree of Ages |
| 3:22 | Archer |
| 3:41 | Archer |
| 3:53 | Hunter's Hall |
| 4:01 | Archer |
| 4:36 | Moon Well |
| 4:56 | Strength of the Moon |
| 5:00 | Moon Well |
| 5:48 | Trueshot Aura |
| 6:02 | Wisp |
| 6:02 | Wisp |
| 6:04 | Ancient of Wind |
| 6:06 | Ancient of Wind |
| 6:08 | Ultravision |
| 6:18 | Improved Bows |
| 6:27 | Wisp |
| 6:39 | Wisp |
| 6:48 | Tree of Life |
| 7:04 | Wisp |
| 7:13 | Hippogryph |
| 7:25 | Trueshot Aura |
| 8:06 | Hippogryph |
| 8:06 | Hippogryph |
| 8:06 | Hippogryph |
| 8:44 | Archer |
| 8:44 | Archer |
| 8:47 | Hippogryph |
| 9:17 | Tree of Eternity |
| 9:40 | Improved Strength of the Moon |
| 10:01 | Faerie Dragon |
| 10:03 | Druid of the Talon Adept Training |
| 10:15 | Moon Well |
| 10:45 | Scout |
| 11:08 | Mark of the Talon |
| 11:45 | Chimaera Roost |
| 11:46 | Chimaera Roost |
| 11:47 | Chimaera Roost |
| 11:49 | Wisp |
| 11:49 | Wisp |
| 11:50 | Wisp |
| 11:50 | Wisp |
| 11:50 | Wisp |
| 12:17 | Druid of the Talon Master Training |
| 12:18 | Druid of the Talon |
| 12:23 | Marksmanship |
| 12:39 | Moon Well |
| 13:19 | Corrosive Breath |
| 13:20 | Chimaera |
| 13:33 | Chimaera |
| 14:00 | Chimaera |
| 14:07 | Advanced Strength of the Moon |
| 14:38 | Chimaera |
| 14:46 | Moon Well |
| 15:18 | Trueshot Aura |
| 15:32 | Moon Well |
| 16:28 | Chimaera |
| 16:52 | Chimaera |
| Right click | 362 |
| Select | 245 |
| Select group | 230 |
| Build/train/purchase | 76 |
| Assign group | 56 |
| Misc. action | 29 |
| Use ability | 4 |
| Esc | 1 |

| Scroll of Regeneration | 3 | 300 |
| Lesser Clarity Potion | 1 | 70 |
| Orb of Fire | 1 | 325 |
| Potion of Healing | 1 | 150 |
| Scroll of Town Portal | 1 | 350 |
| total: | 7 | 1195g |
| Peasant | 11 | 825 | / | 0 |
| Footman | 4 | 540 | / | 0 |
| Rifleman | 9 | 1845 | / | 270 |
| Mortar Team | 5 | 900 | / | 350 |
| total: | 29 | 4110g | / | 620w |
| Altar of Kings | 1 | 180 | / | 50 |
| Farm | 10 | 800 | / | 200 |
| Barracks | 1 | 160 | / | 60 |
| Arcane Vault | 1 | 130 | / | 30 |
| Blacksmith | 1 | 140 | / | 60 |
| Lumber Mill | 1 | 120 | / | 0 |
| Town Hall | 1 | 385 | / | 205 |
| Workshop | 1 | 140 | / | 140 |
| Keep | 1 | 320 | / | 210 |
| Castle | 1 | 360 | / | 210 |
| total: | 17 | 2055g | / | 745w |
| 0:02 | Peasant |
| 0:03 | Peasant |
| 0:03 | Peasant |
| 0:06 | Altar of Kings |
| 0:11 | Farm |
| 0:30 | Barracks |
| 0:44 | Peasant |
| 0:52 | Farm |
| 0:57 | Peasant |
| 1:00 | Peasant |
| 1:20 | Peasant |
| 1:26 | Peasant |
| 1:30 | Farm |
| 1:37 | Footman |
| 1:53 | Footman |
| 2:06 | Arcane Vault |
| 2:25 | Howl of Terror |
| 2:27 | Footman |
| 2:36 | Blacksmith |
| 3:08 | Keep |
| 3:16 | Lumber Mill |
| 3:33 | Footman |
| 3:34 | Scroll of Regeneration |
| 3:49 | Farm |
| 4:04 | Rifleman |
| 4:11 | Cleaving Attack |
| 4:28 | Rifleman |
| 4:31 | Improved Lumber Harvesting |
| 4:42 | Scroll of Regeneration |
| 5:03 | Farm |
| 5:40 | Castle |
| 5:43 | Cleaving Attack |
| 5:50 | Farm |
| 5:52 | Rifleman |
| 6:02 | Scroll of Regeneration |
| 6:04 | Lesser Clarity Potion |
| 6:19 | Rifleman |
| 6:27 | Long Rifles |
| 6:35 | Workshop |
| 7:42 | Mortar Team |
| 7:59 | Rifleman |
| 8:32 | Rifleman |
| 8:35 | Mortar Team |
| 8:35 | Fragmentation Shards |
| 8:38 | Advanced Lumber Harvesting |
| 8:38 | Improved Masonry |
| 8:59 | Howl of Terror |
| 9:11 | Rifleman |
| 9:13 | Mortar Team |
| 9:16 | Black Gunpowder |
| 9:17 | Studded Leather Armor |
| 10:01 | Rifleman |
| 10:03 | Mortar Team |
| 10:06 | Farm |
| 10:47 | Cleaving Attack |
| 10:52 | Farm |
| 10:53 | Farm |
| 10:54 | Farm |
| 10:57 | Mortar Team |
| 11:01 | Rifleman |
| 13:00 | Scroll of Town Portal |
| 13:00 | Orb of Fire |
| 13:02 | Potion of Healing |
| 13:10 | Refined Gunpowder |
| 14:22 | Reinforced Leather Armor |
| 14:27 | Advanced Masonry |
| 15:06 | Town Hall |
| 15:30 | Peasant |
| 15:30 | Peasant |
| 15:30 | Peasant |
| 16:22 | Doom |
| Right click | 211 |
| Select group | 155 |
| Select | 141 |
| Misc. action | 116 |
| Build/train/purchase | 76 |
| Assign group | 18 |
| Use ability | 4 |
| Item give/drop | 1 |


| Scroll of Regeneration | 3 | 300 |
| Lesser Clarity Potion | 1 | 70 |
| Potion of Healing | 1 | 150 |
| Potion of Mana | 1 | 200 |
| Scroll of Town Portal | 1 | 350 |
| total: | 7 | 1070g |
| Peasant | 13 | 975 | / | 0 |
| Footman | 5 | 675 | / | 0 |
| Rifleman | 3 | 615 | / | 90 |
| Gryphon Rider | 6 | 1680 | / | 420 |
| total: | 27 | 3945g | / | 510w |
| Scout Tower | 4 | 120 | / | 80 |
| Arcane Tower | 1 | 70 | / | 50 |
| Guard Tower | 3 | 210 | / | 150 |
| Altar of Kings | 1 | 180 | / | 50 |
| Barracks | 1 | 160 | / | 60 |
| Farm | 12 | 960 | / | 240 |
| Arcane Vault | 1 | 130 | / | 30 |
| Lumber Mill | 3 | 360 | / | 0 |
| Blacksmith | 2 | 280 | / | 120 |
| Town Hall | 1 | 385 | / | 205 |
| Gryphon Aviary | 2 | 280 | / | 300 |
| Keep | 1 | 320 | / | 210 |
| Castle | 1 | 360 | / | 210 |
| total: | 27 | 2855g | / | 1085w |
| 0:02 | Peasant |
| 0:02 | Peasant |
| 0:17 | Altar of Kings |
| 0:30 | Barracks |
| 0:40 | Farm |
| 0:53 | Peasant |
| 0:53 | Peasant |
| 1:12 | Peasant |
| 1:26 | Peasant |
| 1:33 | Farm |
| 1:42 | Footman |
| 2:10 | Arcane Vault |
| 2:13 | Scout Tower |
| 2:25 | Footman |
| 2:29 | Storm Bolt |
| 2:50 | Lumber Mill |
| 3:07 | Farm |
| 3:16 | Scout Tower |
| 3:26 | Footman |
| 3:27 | Footman |
| 3:30 | Scroll of Regeneration |
| 3:31 | Lesser Clarity Potion |
| 3:39 | Improved Lumber Harvesting |
| 3:44 | Peasant |
| 3:48 | Farm |
| 3:55 | Arcane Tower |
| 3:56 | Guard Tower |
| 4:11 | Thunder Clap |
| 4:41 | Blacksmith |
| 4:48 | Farm |
| 4:52 | Improved Masonry |
| 4:57 | Scroll of Regeneration |
| 5:00 | Footman |
| 5:30 | Scout Tower |
| 5:44 | Defend |
| 6:19 | Storm Bolt |
| 6:23 | Peasant |
| 6:23 | Peasant |
| 6:23 | Peasant |
| 6:29 | Guard Tower |
| 6:38 | Town Hall |
| 6:52 | Lumber Mill |
| 7:02 | Farm |
| 7:03 | Farm |
| 7:24 | Peasant |
| 7:30 | Farm |
| 8:32 | Keep |
| 8:42 | Scout Tower |
| 9:26 | Rifleman |
| 9:27 | Rifleman |
| 9:27 | Rifleman |
| 9:42 | Guard Tower |
| 10:06 | Thunder Clap |
| 10:51 | Black Gunpowder |
| 10:52 | Iron Forged Swords |
| 10:53 | Iron Plating |
| 10:53 | Studded Leather Armor |
| 10:55 | Advanced Lumber Harvesting |
| 11:02 | Gryphon Aviary |
| 11:07 | Gryphon Aviary |
| 11:47 | Peasant |
| 11:48 | Peasant |
| 11:50 | Lumber Mill |
| 12:04 | Refined Gunpowder |
| 12:07 | Scroll of Regeneration |
| 12:07 | Potion of Healing |
| 12:07 | Potion of Mana |
| 12:08 | Scroll of Town Portal |
| 12:11 | Banish |
| 12:59 | Castle |
| 13:45 | Flame Strike |
| 14:03 | Reinforced Leather Armor |
| 14:18 | Steel Forged Swords |
| 15:19 | Mithril Forged Swords |
| 15:21 | Storm Hammers |
| 15:23 | Gryphon Rider |
| 15:23 | Gryphon Rider |
| 15:24 | Gryphon Rider |
| 15:24 | Gryphon Rider |
| 15:24 | Gryphon Rider |
| 15:30 | Farm |
| 15:31 | Farm |
| 15:32 | Farm |
| 15:34 | Farm |
| 15:47 | Gryphon Rider |
| 15:50 | Steel Plating |
| 15:59 | Animal War Training |
| 16:19 | Blacksmith |
| Right click | 478 |
| Select | 207 |
| Select group | 90 |
| Build/train/purchase | 73 |
| Misc. action | 27 |
| Use ability | 23 |
| Assign group | 12 |
| Remove unit | 4 |
| Item give/drop | 2 |
91 units @ 10.7k
/ 0.9k
42 buildings @ 6.8k
/ 1.8k


| Healing Salve | 3 | 300 |
| Lesser Clarity Potion | 1 | 70 |
| Scroll of Speed | 1 | 50 |
| Scroll of Town Portal | 1 | 350 |
| total: | 6 | 770g |
| Peon | 7 | 525 | / | 0 |
| Troll Headhunter | 6 | 840 | / | 120 |
| total: | 13 | 1365g | / | 120w |
| War Mill | 1 | 205 | / | 0 |
| Altar of Storms | 1 | 180 | / | 50 |
| Orc Burrow | 3 | 480 | / | 120 |
| Barracks | 1 | 180 | / | 50 |
| Voodoo Lounge | 1 | 130 | / | 30 |
| Stronghold | 1 | 315 | / | 190 |
| Fortress | 1 | 325 | / | 190 |
| total: | 7 | 1175g | / | 250w |
| 0:02 | Peon |
| 0:03 | Peon |
| 0:19 | War Mill |
| 0:31 | Peon |
| 0:34 | Altar of Storms |
| 0:42 | Peon |
| 0:47 | Orc Burrow |
| 1:04 | Barracks |
| 1:05 | Peon |
| 1:20 | Peon |
| 1:38 | Peon |
| 1:48 | Orc Burrow |
| 2:04 | Troll Headhunter |
| 2:08 | Voodoo Lounge |
| 2:26 | Troll Headhunter |
| 2:37 | War Stomp |
| 2:52 | Stronghold |
| 3:05 | Troll Headhunter |
| 3:27 | Troll Headhunter |
| 3:30 | Healing Salve |
| 3:43 | Orc Burrow |
| 4:15 | Endurance Aura |
| 4:32 | Troll Headhunter |
| 4:52 | Troll Headhunter |
| 5:19 | Fortress |
| 5:48 | War Stomp |
| 5:52 | Reinforced Defenses |
| 6:28 | Healing Salve |
| 6:28 | Healing Salve |
| 6:29 | Lesser Clarity Potion |
| 6:29 | Scroll of Speed |
| 6:47 | Troll Regeneration |
| 6:50 | Hex |
| 6:54 | Steel Ranged Weapons |
| 6:58 | Scroll of Town Portal |
| Select group | 550 |
| Right click | 455 |
| Select | 126 |
| Build/train/purchase | 40 |
| Misc. action | 36 |
| Assign group | 29 |
| Use ability | 10 |
| Minimap ping | 1 |

| Healing Salve | 2 | 200 |
| total: | 2 | 200g |
| Peon | 7 | 525 | / | 0 |
| Troll Headhunter | 7 | 980 | / | 140 |
| total: | 14 | 1505g | / | 140w |
| Altar of Storms | 1 | 180 | / | 50 |
| Orc Burrow | 4 | 640 | / | 160 |
| War Mill | 1 | 205 | / | 0 |
| Barracks | 2 | 360 | / | 100 |
| Voodoo Lounge | 1 | 130 | / | 30 |
| Stronghold | 1 | 315 | / | 190 |
| Fortress | 1 | 325 | / | 190 |
| total: | 9 | 1515g | / | 340w |
| 0:16 | Peon |
| 0:16 | Peon |
| 0:21 | Altar of Storms |
| 0:32 | Orc Burrow |
| 0:33 | Peon |
| 0:59 | Peon |
| 1:00 | Peon |
| 1:18 | War Mill |
| 1:27 | Barracks |
| 1:31 | Peon |
| 1:43 | Peon |
| 2:02 | Orc Burrow |
| 2:19 | Voodoo Lounge |
| 2:35 | Troll Headhunter |
| 2:40 | Barracks |
| 2:44 | War Stomp |
| 3:09 | Troll Headhunter |
| 3:35 | Troll Headhunter |
| 3:57 | Troll Headhunter |
| 4:18 | Troll Headhunter |
| 4:23 | Healing Salve |
| 4:30 | Stronghold |
| 5:17 | Endurance Aura |
| 6:45 | Endurance Aura |
| 6:56 | Fortress |
| 6:58 | Troll Headhunter |
| 6:58 | Troll Headhunter |
| 7:02 | Orc Burrow |
| 7:06 | Orc Burrow |
| 7:07 | Steel Ranged Weapons |
| 7:27 | Healing Salve |
| Right click | 206 |
| Select group | 195 |
| Select | 194 |
| Build/train/purchase | 28 |
| Chat | 21 |
| Misc. action | 12 |
| Assign group | 9 |
| Use ability | 6 |

| Healing Salve | 1 | 100 |
| total: | 1 | 100g |
| Peon | 22 | 1650 | / | 0 |
| Troll Headhunter | 21 | 2940 | / | 420 |
| total: | 43 | 4590g | / | 420w |
| Altar of Storms | 1 | 180 | / | 50 |
| Orc Burrow | 4 | 640 | / | 160 |
| War Mill | 1 | 205 | / | 0 |
| Barracks | 1 | 180 | / | 50 |
| Voodoo Lounge | 1 | 130 | / | 30 |
| Stronghold | 7 | 2205 | / | 1330 |
| Fortress | 1 | 325 | / | 190 |
| total: | 8 | 1335g | / | 290w |
| 0:03 | Peon |
| 0:03 | Peon |
| 0:04 | Peon |
| 0:11 | Altar of Storms |
| 0:21 | Orc Burrow |
| 0:22 | Peon |
| 0:23 | Peon |
| 0:35 | Peon |
| 0:52 | War Mill |
| 1:07 | Barracks |
| 1:11 | Peon |
| 1:11 | Peon |
| 1:11 | Peon |
| 1:11 | Peon |
| 1:11 | Peon |
| 1:11 | Peon |
| 1:11 | Peon |
| 1:11 | Peon |
| 1:19 | Peon |
| 1:19 | Peon |
| 1:19 | Peon |
| 1:19 | Peon |
| 1:19 | Peon |
| 1:19 | Peon |
| 1:19 | Peon |
| 1:28 | Peon |
| 1:41 | Voodoo Lounge |
| 1:58 | Orc Burrow |
| 2:10 | Troll Headhunter |
| 2:10 | Troll Headhunter |
| 2:10 | Troll Headhunter |
| 2:10 | Troll Headhunter |
| 2:10 | Troll Headhunter |
| 2:10 | Troll Headhunter |
| 2:10 | Troll Headhunter |
| 2:18 | Shockwave |
| 2:24 | Troll Headhunter |
| 2:48 | Troll Headhunter |
| 2:59 | Troll Headhunter |
| 3:10 | Troll Headhunter |
| 3:34 | Stronghold |
| 3:39 | Healing Salve |
| 3:51 | Troll Headhunter |
| 4:23 | Endurance Aura |
| 4:31 | Steel Ranged Weapons |
| 4:37 | Troll Headhunter |
| 5:04 | Troll Headhunter |
| 5:16 | Shockwave |
| 5:33 | Troll Headhunter |
| 5:33 | Troll Headhunter |
| 5:33 | Troll Headhunter |
| 6:35 | Orc Burrow |
| 6:42 | Orc Burrow |
| 7:21 | Troll Regeneration |
| 7:21 | Troll Headhunter |
| 7:44 | Troll Headhunter |
| 7:48 | Fortress |
| 8:12 | Troll Headhunter |
| 8:12 | Troll Headhunter |
| Right click | 225 |
| Select | 156 |
| Misc. action | 155 |
| Build/train/purchase | 61 |
| Select group | 20 |
| Minimap ping | 14 |
| Use ability | 9 |
| Assign group | 4 |
| Esc | 2 |

| Scroll of Healing | 1 | 250 |
| Scroll of Town Portal | 2 | 700 |
| Periapt of Vitality | 1 | 325 |
| Boots of Speed | 1 | 250 |
| total: | 5 | 1525g |
| Acolyte | 4 | 300 | / | 0 |
| Ghoul | 7 | 840 | / | 0 |
| Crypt Fiend | 6 | 1290 | / | 240 |
| Grunt | 4 | 800 | / | 0 |
| total: | 21 | 3230g | / | 240w |
| Nerubian Tower | 3 | 300 | / | 60 |
| Spirit Tower | 6 | 870 | / | 240 |
| Ziggurat | 13 | 1950 | / | 650 |
| Crypt | 1 | 200 | / | 50 |
| Altar of Darkness | 1 | 180 | / | 50 |
| Graveyard | 1 | 215 | / | 0 |
| Tomb of Relics | 1 | 130 | / | 30 |
| Slaughterhouse | 1 | 140 | / | 135 |
| Halls of the Dead | 2 | 640 | / | 420 |
| Black Citadel | 1 | 325 | / | 230 |
| total: | 18 | 2815g | / | 915w |
| 0:08 | Acolyte |
| 0:08 | Acolyte |
| 0:08 | Acolyte |
| 0:08 | Acolyte |
| 0:14 | Ziggurat |
| 0:38 | Crypt |
| 1:07 | Altar of Darkness |
| 1:12 | Ziggurat |
| 1:27 | Graveyard |
| 1:33 | Nerubian Tower |
| 2:11 | Ziggurat |
| 2:17 | Ghoul |
| 2:18 | Ghoul |
| 2:18 | Ghoul |
| 2:32 | Ghoul |
| 3:08 | Crypt Fiend |
| 3:11 | Carrion Beetles |
| 3:15 | Spirit Tower |
| 3:19 | Spirit Tower |
| 3:42 | Ghoul |
| 3:43 | Ghoul |
| 3:43 | Ghoul |
| 4:03 | Halls of the Dead |
| 4:21 | Tomb of Relics |
| 4:33 | Crypt Fiend |
| 5:03 | Crypt Fiend |
| 5:16 | Crypt Fiend |
| 6:53 | Impale |
| 7:33 | Crypt Fiend |
| 7:33 | Crypt Fiend |
| 7:36 | Black Citadel |
| 7:40 | Slaughterhouse |
| 8:02 | Periapt of Vitality |
| 8:03 | Boots of Speed |
| 8:06 | Scroll of Healing |
| 11:06 | Ziggurat |
| 11:07 | Ziggurat |
| 11:07 | Ziggurat |
| 11:08 | Ziggurat |
| 11:08 | Ziggurat |
| 11:43 | Carrion Beetles |
| 12:02 | Spirit Tower |
| 12:05 | Spirit Tower |
| 12:09 | Nerubian Tower |
| 12:14 | Nerubian Tower |
| 12:34 | Scroll of Town Portal |
| 12:36 | Scroll of Town Portal |
| 12:37 | Grunt |
| 12:37 | Grunt |
| 12:37 | Grunt |
| 12:37 | Grunt |
| 12:54 | Spirit Tower |
| 12:58 | Creature Attack |
| 12:58 | Creature Carapace |
| 14:53 | Healing Wave |
| 15:00 | Serpent Ward |
| 15:29 | Ziggurat |
| 15:30 | Ziggurat |
| 15:30 | Ziggurat |
| 15:31 | Ziggurat |
| 15:32 | Ziggurat |
| 16:32 | Spirit Tower |
| Chat | 399 |
| Right click | 206 |
| Select | 146 |
| Minimap ping | 86 |
| Select group | 61 |
| Build/train/purchase | 51 |
| Assign group | 30 |
| Use ability | 12 |
| Remove unit | 2 |
| Misc. action | 1 |
⇛